 Dungeon Crawl Stone Soup version 0.21.1-1-g345015f (webtiles) character file.

119 raistware the Magician (level 4, -2/30 HPs)
             Began as a Mummy Wizard on Apr 27, 2018.
             Killed from afar by Blork the orc (4 damage)
             ... with a puff of frost
             ... on level 4 of the Dungeon.
             The game lasted 00:13:44 (3348 turns).

raistware the Magician (Mummy Wizard)               Turns: 3348, Time: 00:13:45

Health: -2/30      AC:  2    Str: 10    XL:     4   Next: 74%
Magic:  0/10       EV: 12    Int: 18    God:
Gold:   175        SH:  0    Dex: 10    Spells: 1/12 levels left

rFire    x . .     SeeInvis .   n - +2 flail (protect)
rCold    + . .     Gourm    .   (no shield)
rNeg     + + +     Faith    .   a - +0 robe
rPois    ∞         Spirit   .   b - +0 hat
rElec    .         Reflect  .   (no cloak)
rCorr    .         Harm     .   (no gloves)
MR       .....                  (no boots)
Stlth    ++........             (no amulet)
HPRegen  0.10/turn              (no ring)
MPRegen  0.12/turn              (no ring)

@: very slightly contaminated
A: no food or potions, fire vulnerability, cold resistance 1, negative energy
resistance 3, torment resistance, unbreathing
a: no special abilities


You were on level 4 of the Dungeon.
You were not hungry.

You visited 1 branch of the dungeon, and saw 4 of its levels.

You collected 175 gold pieces.

Inventory:

Hand Weapons
 n - a +2 flail of protection (weapon)
Missiles
 m - 7 needles of confusion
Armour
 a - a +0 robe (worn)
 b - a +0 hat (worn)
Scrolls
 d - a scroll of noise {unknown}
 e - 3 scrolls of amnesia {unknown}
 f - 2 scrolls of remove curse {unknown}
 g - 3 scrolls of blinking {unknown}
 h - 4 scrolls of teleportation {unknown}
 i - a scroll of fear {unknown}
 j - a scroll of enchant weapon {unknown}
 k - 4 scrolls of identify {unknown}
 l - 2 scrolls of magic mapping {unknown}
 o - a scroll of random uselessness {unknown}
Books
 c - a book of Minor Magic

   Spells                             Type                      Level
   a - Magic Dart                     Conjuration                  1
   b - Blink                          Translocation                2
   c - Call Imp                       Summoning                    2
   d - Slow                           Hexes                        2
   e - Conjure Flame                  Conjuration/Fire             3
   f - Mephitic Cloud                 Conjuration/Poison/Air       3


   Skills:
 + Level 0.4 Throwing
 - Level 2.0 Dodging
 - Level 2.0 Stealth
 + Level 4.8 Spellcasting
 * Level 2.5 Conjurations
 - Level 1.0 Summonings
 - Level 1.0 Translocations


You had one spell level left.
You knew the following spells:

 Your Spells              Type           Power        Failure   Level  Hunger
a - Magic Dart            Conj           ##..         4%          1    N/A
b - Blink                 Tloc           N/A          13%         2    N/A
c - Call Imp              Summ           #.......     14%         2    N/A
d - Conjure Flame         Conj/Fire      #.......     24%         3    N/A
e - Mephitic Cloud        Conj/Pois/Air  #.......     28%         3    N/A

Dungeon Overview and Level Annotations

Branches:
Dungeon (4/15)
 Temple: D:4-7

Altars:
Cheibriados
Gozag
Xom
The Shining One

Annotations:
D:4 Blork the orc


Innate Abilities, Weirdness & Mutations

You do not eat or drink.
Your flesh is vulnerable to fire.
You are immune to poison.
Your flesh is cold resistant. (rC+)
You are immune to negative energy. (rN+++)
You are immune to unholy pain and torment.
You can survive without breathing.


Message History

Something hits you.
Something barely misses your crimson imp.
Your crimson imp hits something.
You barely miss something.
You hear some strange, mumbled words.
A magic dart appears from out of thin air!
The magic dart hits you!
You hear some strange, mumbled words.
A puff of frost appears from out of thin air!
The puff of frost hits you! You resist.
Your crimson imp hits something.
Something hits you!
* * * LOW HITPOINT WARNING * * *
Something completely misses your crimson imp.
Casting: Call Imp
Confirm with . or Enter, or press ? or * to list all spells.
You blink.
You hear some strange, mumbled words.
A puff of frost appears from out of thin air!
The puff of frost hits you! You resist.
You die...

#.# #.# ######## #.# #.#
#......# ####.#####.#
#......#
#........#.######......#
#.#..###.#......'......#
# #....#.########......#
#..#+#'#### #.#....#
#.#.......# #.#.##.. #
#.+..@....# #.#.##..
#.###.......# #.#.....
#..§'5......# #.#.....
#####.......# #.#.....
#.......# #.#.....
#.......# #.....
#.......# #...#+
#.......# .......##


You could see a friendly crimson imp.

Vanquished Creatures
  3 adders
  2 oozes
  The ghost of glosham the Charlatan, a weakling HOAr (D:4)
  A dart slug (D:2)
  3 leopard geckos
  2 orcs (D:3)
  3 giant cockroaches
  14 goblins
  11 hobgoblins
  6 kobolds
  4 quokkas
  2 ball pythons (D:3)
  6 bats
  2 frilled lizards (D:1)
  5 rats
65 creatures vanquished.

Vanquished Creatures (collateral kills)
  A dart slug (D:1)
  An orc (D:3)
  2 hobgoblins
  A bat (D:1)
5 creatures vanquished.

Grand Total: 70 creatures vanquished

Notes
Turn   | Place    | Note
-------+----------+-------------------------------------------
     0 | D:1      | raistware the Mummy Wizard began the quest for the Orb.
     0 | D:1      | Reached XP level 1. HP: 13/13 MP: 5/5
    85 | D:1      | Reached skill level 1 in Conjurations
   308 | D:1      | Reached XP level 2. HP: 19/19 MP: 1/7
   381 | D:1      | Learned a level 2 spell: Blink
   384 | D:1      | Learned a level 2 spell: Call Imp
  1095 | D:1      | Reached XP level 3. HP: 24/24 MP: 3/8
  1100 | D:1      | Learned a level 3 spell: Conjure Flame
  1424 | D:2      | Found a snail-covered altar of Cheibriados.
  1628 | D:2      | Found an opulent altar of Gozag.
  2281 | D:3      | Reached XP level 4. HP: 23/30 MP: 1/10
  2394 | D:3      | Found a shimmering altar of Xom.
  2757 | D:3      | Reached skill level 1 in Summonings
  2757 | D:3      | Reached skill level 1 in Translocations
  2777 | D:3      | Found a glowing golden altar of the Shining One.
  3219 | D:3      | Learned a level 3 spell: Mephitic Cloud
  3329 | D:4      | Noticed glosham's ghost (weakling HOAr)
  3338 | D:4      | Noticed Blork the orc
  3341 | D:4      | Killed glosham's ghost
  3348 | D:4      | Killed from afar by Blork the orc

Skill      XL: |  1  2  3  4 |
---------------+-------------+-----
Conjurations   | 1 2 |  2.5
Stealth        | 2 |  2.0
Dodging        | 2 |  2.0
Summonings     | 1 |  1.0
Translocations | 1 |  1.0
Throwing       | |  0.4
Spellcasting   | |  4.8

Action                   |  1- 3 |  4- 6 || total
-------------------------+-------+-------++-------
Melee: Dagger            |    26 |       ||    26
       Flail             |       |    22 ||    22
 Cast: Magic Dart        |   109 |    50 ||   159
       Call Imp          |     2 |     4 ||     6
       Blink             |       |     1 ||     1
Armor: Robe              |     3 |     4 ||     7
Dodge: Dodged            |    23 |    21 ||    44
